AoeStats
← Reis

African Clearing

506820518Analyzed
4v4 RM · 18d ago on Sep 15, 2026· 40m 10s· 8 players
Game mode
Random Map
Map size
Large (8 player)
Population
200
Speed
Normal
Resources
Standard
Victory
Conquest
Starting age
Dark Age
Ending age
Imperial Age
RankedLock teamsTeams togetherTeam positionsShared explorationLock speedFull tech treeHidden civsTurbo modeCheats
Victory
Defeat
🇻🇳 Britons · Vietnam
1317
+14
🇨🇭 Bulgarians · Switzerland
1307
+14
🇨🇳 Berbers · China
1290
+15
🇯🇵 Malians · Japan
1211
+18
🇬🇧 Byzantines · United Kingdom
1348
-19
🇷🇺 Franks · Russia
1341
-18
🇳🇴 Celts · Norway
1194
-21
🇲🇳 Huns · Mongolia
1177
-12
825889483
12:55 Feudal Age
12:37 Loom
16:30 Castle Age
14:38 Double-Bit Axe
25:44 Bloodlines
27:49 Horse Collar
29:09 Wheelbarrow
28:20 Town Watch
31:56 Imperial Age
30:03 Husbandry
30:05 Fletching
30:50 Kasbah
30:56 Padded Archer Armor
31:27 Bow Saw
31:37 Bodkin Arrow
31:57 Leather Archer Armor
32:11 Stone Mining
32:16 Gold Mining
32:11 Heavy Camel Rider
33:28 Scale Barding Armor
34:28 Conscription
34:00 Cavalier
36:03 Chain Barding Armor
37:31 Forging
40:03 Plate Barding Armor
KJI
4:15 Loom
13:01 Feudal Age
18:01 Castle Age
16:23 Double-Bit Axe
17:08 Stone Mining
22:24 Wheelbarrow
24:11 Gold Mining
24:48 Fletching
25:25 Horse Collar
26:21 Bodkin Arrow
27:18 Bow Saw
31:42 Tigui
32:39 Forging
35:41 Imperial Age
35:02 Iron Casting
36:05 Scale Barding Armor
37:48 Light Cavalry
39:05 Cavalier
40:40 Heavy Plow
Reis
3:56 Loom
13:17 Feudal Age
18:02 Castle Age
17:56 Fletching
18:32 Scale Barding Armor
19:03 Bodkin Arrow
28:34 Double-Bit Axe
bina
13:06 Feudal Age
12:11 Loom
17:15 Castle Age
15:17 Double-Bit Axe
15:13 Horse Collar
15:48 Gold Mining
16:48 Fletching
18:41 Bow Saw
18:26 Stone Mining
24:24 Crossbowman
25:58 Bodkin Arrow
26:20 Town Watch
27:11 Wheelbarrow
29:05 Hand Cart
32:36 Imperial Age
29:57 Pikeman
30:37 Squires
30:23 Gambesons
30:24 Arson
31:10 Padded Archer Armor
31:10 Scale Mail Armor
31:35 Ballistics
31:27 Forging
32:45 Leather Archer Armor
33:20 Yeomen
33:00 Arbalester
34:12 Bracer
38:02 Two-Man Saw
37:03 Heavy Plow
37:35 Ring Archer Armor
37:20 Chain Mail Armor
37:41 Iron Casting
37:00 Treadmill Crane
38:21 Chemistry
37:03 Treadmill Crane
37:29 Siege Engineers
37:37 Halberdier
39:12 Plate Mail Armor
40:17 Gold Shaft Mining
40:43 Blast Furnace
40:14 Plate Mail Armor
39:23 Sappers
39:55 Warwolf
40:18 Conscription
FirstPine3880
6:07 Loom
14:56 Feudal Age
16:08 Double-Bit Axe
18:31 Castle Age
16:50 Fishing Lines
16:54 Horse Collar
21:28 Bow Saw
25:25 Wheelbarrow
26:18 Gillnets
26:59 Stone Mining
36:17 Imperial Age
34:03 Hand Cart
33:56 Heavy Plow
34:52 Scale Barding Armor
34:58 Forging
35:58 Chain Barding Armor
36:46 Elite Cataphract
37:47 Conscription
37:53 Logistica
39:01 Plate Barding Armor
40:26 Iron Casting
Абэма
4:24 Loom
13:06 Feudal Age
14:31 Double-Bit Axe
17:00 Castle Age
23:51 Forging
25:32 Scale Mail Armor
29:43 Iron Casting
30:58 Chain Mail Armor
33:29 Arson
33:45 Squires
33:30 Gambesons
36:40 Wheelbarrow
41:15 Imperial Age
39:36 Scale Barding Armor
40:43 #83
GodlysXSiege
5:44 Loom
14:21 Feudal Age
18:33 Castle Age
17:32 Horse Collar
18:39 Wheelbarrow
18:08 Double-Bit Axe
19:59 Heavy Plow
37:23 Imperial Age
35:05 Bow Saw
36:57 Pikeman
37:22 Arson
XYHHY
3:13 Loom
14:35 Feudal Age
15:52 Double-Bit Axe
16:18 Horse Collar
16:53 Stone Mining
19:28 Castle Age
39:49 Wheelbarrow
Connection lost

Rejoining the realm…

Still unreachable

The connection could not be restored.

Session expired

The server has moved on; the page needs a fresh start.